 Dungeon Crawl Stone Soup version 0.21.0-3-g78d12a8 (webtiles) character file.

112 Monsterracer the Insei (level 4, 0/31 HPs)
             Began as a Vampire Transmuter on Jan 14, 2018.
             Slain by a phantom (10 damage)
             ... on level 2 of the Dungeon.
             The game lasted 00:04:22 (1576 turns).

Monsterracer the Insei (Vampire Transmuter)         Turns: 1576, Time: 00:04:22

Health: 0/31       AC:  2    Str:  9    XL:     4   Next: 64%
Magic:  2/7        EV: 12    Int: 16    God:
Gold:   110        SH:  0    Dex: 14    Spells: 1/7 levels left

rFire    . . .     SeeInvis +     - Unarmed
rCold    . . .     Gourm    .   (no shield)
rNeg     . . .     Faith    .   b - +0 robe
rPois    .         Spirit   .   (no helmet)
rElec    .         Reflect  .   (no cloak)
rCorr    .         Harm     .   (no gloves)
MR       .....                  (no boots)
Stlth    +.........             (no amulet)
HPRegen  0.30/turn              (no ring)
MPRegen  0.10/turn              (no ring)

@: regenerating quickly
A: fangs 3, see invisible, unbreathing
a: no special abilities


You were on level 2 of the Dungeon.
You were very full.

You visited 1 branch of the dungeon, and saw 2 of its levels.

You collected 110 gold pieces.

Inventory:

Missiles
 a - 67 arrows
Armour
 b - a +0 robe (worn)
Jewellery
 i - an uncursed ring of protection from fire {unknown}
Scrolls
 e - a scroll of amnesia {unknown}
 h - 2 scrolls of remove curse {unknown}
 j - a scroll of random uselessness {unknown}
 k - 2 scrolls of identify {unknown}
 o - a scroll of magic mapping {unknown}
 p - 2 scrolls of teleportation {unknown}
 r - 2 scrolls of enchant armour {unknown}
 u - a scroll of fog {unknown}
Potions
 d - 4 potions of blood
 f - a potion of haste {unknown}
 g - a potion of might {unknown}
 l - a potion of brilliance {unknown}
 m - a potion of lignification {unknown}
 n - a potion of degeneration {unknown}
 q - 2 potions of heal wounds {unknown}
 s - 2 potions of flight {unknown}
 t - a potion of mutation {unknown}
 v - a potion of curing {unknown}
Books
 c - a book of Changes

   Spells                             Type                      Level
   a - Beastly Appendage              Transmutation                1
   b - Sticks to Snakes               Transmutation                2
   c - Spider Form                    Transmutation/Poison         3
   d - Ice Form                       Ice/Transmutation            4
   e - Blade Hands                    Transmutation                5


   Skills:
 - Level 0.8 Fighting
 - Level 2.1 Dodging
 * Level 5.5 Unarmed Combat
 - Level 2.0 Spellcasting
 + Level 3.1 Transmutations


You had one spell level left.
You knew the following spells:

 Your Spells              Type           Power        Failure   Level  Hunger
a - Beastly Appendage     Tmut           ##....       6%          1    #......
b - Sticks to Snakes      Tmut           ##......     9%          2    ###....
c - Spider Form           Tmut/Pois      #.........   32%         3    ###....


Dungeon Overview and Level Annotations

Branches:
Dungeon (2/15)

Altars:
Gozag
Wu Jian


Innate Abilities, Weirdness & Mutations

Your natural rate of healing is unusually fast.
You have razor-sharp teeth.
You have supernaturally acute eyesight. (SInv)
You can survive without breathing.


Message History

You closely miss the phantom. The phantom hits you.
The phantom blinks!
You take 1 damage, and have 30/31 hp.
You see here 23 arrows.
Health restored: 31
a - 70 arrows (gained 23)
The phantom blinks!
Casting: Spider Form
Confirm with . or Enter, or press ? or * to list all spells.
You create a snake!
You now have 69 arrows.
The phantom blinks!
You now have 5/7 mp.
Casting: Sticks to Snakes
Confirm with . or Enter, or press ? or * to list all spells.
You create a snake!
You now have 68 arrows.
You now have 3/7 mp.
Your ball python bites the phantom.
The phantom closely misses you.
You miss the phantom.
The phantom is lightly damaged.
Your ball python bites the phantom but does no damage.
The phantom blinks!
Casting: Sticks to Snakes
Confirm with . or Enter, or press ? or * to list all spells.
You grow a pair of large bovine horns.
You now have 2/7 mp.
The phantom hits your ball python.
Your ball python closely misses the phantom.
You swap places.
The phantom hits you.
You take 6 damage, and have 25/31 hp.
You hit the phantom but do no damage.
The phantom is lightly damaged.
The phantom blinks!
The phantom hits your ball python!
Your ball python dies!
The phantom hits you.
Your ball python bites the phantom but does no damage.
You take 6 damage, and have 20/31 hp.
You barely miss the phantom. You headbutt the phantom!
Your bite misses the phantom.
The phantom is moderately damaged.
Your transformation is almost over.
Your ball python misses the phantom.
The phantom closely misses you.
You hit the phantom but do no damage.
You headbutt the phantom, but do no damage.
The phantom is moderately damaged.
Your ball python bites the phantom but does no damage.
The phantom hits you.
You take 2 damage, and have 19/31 hp.
You hit the phantom. You headbutt the phantom.
The phantom is heavily damaged.
Your ball python bites the phantom but does no damage.
The phantom blinks!
The phantom blinks!
Casting: Beastly Appendage
Confirm with . or Enter, or press ? or * to list all spells.
You miscast Sticks to Snakes.
You are very lightly contaminated with residual magic.
Your skin glows momentarily.
You now have 1/7 mp.
Your horns disappear.
Casting: Sticks to Snakes
Confirm with . or Enter, or press ? or * to list all spells.
You create a snake!
You now have 67 arrows.
You now have 0/7 mp.
Your ball python barely misses the phantom.
The phantom closely misses you.
Your ball python barely misses the phantom.
Your ball python barely misses the phantom.
The phantom misses you.
You hit the phantom.
The phantom is heavily damaged.
Your ball python closely misses the phantom.
The phantom hits you.
The phantom blinks!
You take 5 damage, and have 17/31 hp.
You hit the phantom.
The phantom is severely damaged.
Your ball python closely misses the phantom.
The phantom hits you.
* * * LOW HITPOINT WARNING * * *
The phantom blinks!
You take 3 damage, and have 14/31 hp.
You swap places.
You start resting.
You swap places.
The phantom blinks!
You start resting.
Your ball python withers and dies!
You swap places.
Your magical contamination has completely faded away.
You miss the phantom.
The phantom is severely damaged.
The phantom hits you!
* * * LOW HITPOINT WARNING * * *
Your ball python bites the phantom but does no damage.
You take 8 damage, and have 10/31 hp.
MASSIVE DAMAGE!!
You barely miss the phantom.
The phantom is severely damaged.
The phantom misses you.
Your ball python barely misses the phantom.
You barely miss the phantom.
The phantom is severely damaged.
The phantom hits you!
You die...

#....#.##.....#
#...)###
#...(.....###.#
#...†# #
######.##.###.#
#...)# #.##.....#
#....# #.##.###.#
#....# ##'##.# #.#
#....#
#....)###.##########
#....S...........
#....@W.......... .
#....###..###.## ##
#....###..# .
#.........###.#### .
#.................
####....>.###.####
#......# #..#...#
...###..# #..


You could see a phantom and a friendly ball python.

Vanquished Creatures
  An iguana (D:2)
  Terence (D:2)
  2 adders (D:2)
  An ooze (D:1)
  A dart slug (D:2)
  2 leopard geckos
  A ball python (D:2)
  A giant cockroach (D:2)
  5 goblins
  4 hobgoblins (D:2)
  5 jackals
  A quokka (D:2)
  A bat (D:1)
  3 frilled lizards
  5 kobolds (D:1)
  7 rats
41 creatures vanquished.

Notes
Turn   | Place    | Note
-------+----------+-------------------------------------------
     0 | D:1      | Monsterracer the Vampire Transmuter began the quest for the Orb.
     0 | D:1      | Reached XP level 1. HP: 14/14 MP: 3/3
   177 | D:1      | Reached XP level 2. HP: 20/20 MP: 5/5
   182 | D:1      | Learned a level 2 spell: Sticks to Snakes
   242 | D:1      | Reached skill level 4 in Unarmed Combat
   856 | D:2      | HP: 10/20 [jackal (3)]
   858 | D:2      | Reached XP level 3. HP: 12/25 MP: 6/6
   913 | D:2      | Found an ornate altar of the Wu Jian Council.
  1000 | D:2      | Found an opulent altar of Gozag.
  1133 | D:2      | Learned a level 3 spell: Spider Form
  1254 | D:2      | Reached skill level 5 in Unarmed Combat
  1254 | D:2      | Reached XP level 4. HP: 28/31 MP: 3/7
  1307 | D:2      | Noticed Terence
  1318 | D:2      | Killed Terence
  1359 | D:2      | HP: 15/31 [hobgoblin (1)]
  1365 | D:2      | HP: 10/31 [poisoned by an adder]
  1370 | D:2      | HP: 8/31 [poisoned by an adder]
  1375 | D:2      | HP: 8/31 [poisoned by an adder]
  1382 | D:2      | HP: 8/31 [poisoned by an adder]
  1390 | D:2      | HP: 8/31 [poisoned by an adder]
  1410 | D:2      | HP: 13/31 [dart slug (1)]
  1530 | D:2      | Noticed a phantom
  1562 | D:2      | HP: 14/31 [phantom (3)]
  1574 | D:2      | HP: 10/31 [phantom (8)]
  1576 | D:2      | Slain by a phantom

Skill      XL: |  1  2  3  4 |
---------------+-------------+-----
Unarmed Combat | 4 5 |  5.5
Transmutations | 3 |  3.1
Fighting       | |  0.8
Dodging        | |  2.1
Spellcasting   | |  2.0

Action                   |  1- 3 |  4- 6 || total
-------------------------+-------+-------++-------
Melee: Unarmed           |   115 |    33 ||   148
       Kick              |     7 |       ||     7
       Bite              |     6 |       ||     6
       Headbutt          |       |     3 ||     3
 Cast: Beastly Appendage |     3 |     1 ||     4
       Spider Form       |     1 |     2 ||     3
       Sticks to Snakes  |       |     4 ||     4
  Use: Potion            |    10 |     2 ||    12
 Stab: Sleeping          |     2 |       ||     2
Armor: Robe              |    11 |     2 ||    13
Dodge: Dodged            |    62 |    21 ||    83

Vault maps used:
D:1:      minmay_arrival_solitary_statue, minmay_tetromino_s4
D:2:      tso_oasis_becter, marbit_many_paths, overflow_temple_1_default,
          uniq_terence
